 Dungeon Crawl Stone Soup version 0.31-a0-965-g8a8ce12e04 (webtiles) character file.

Game seed: 14288605910583002542

336 Dordric the Changeling (level 6, -8/38 HPs)
             Began as an Octopode Shapeshifter on Oct 26, 2023.
             Was a Follower of Okawaru.
             Mangled by an ogre
             ... wielding a +0 giant club
              (18 damage)
             ... on level 5 of the Dungeon.
             The game lasted 00:05:59 (4441 turns).

Dordric the Changeling (Octopode Shapeshifter)      Turns: 4441, Time: 00:06:00

Health: -8/38      AC:  1    Str: 14    XL:     6   Next: 54%
Magic:  4/6        EV: 13    Int: 12    God:    Okawaru [*.....]
Gold:   211        SH:  5    Dex: 13    Spells: 4/5 levels left

rFire   . .          .
                       - Unarmed
rCold   . . .        (no shield)
rNeg    . . .        (helmet currently unavailable)
rPois   .            l - amulet of reflection
rElec   .            (no ring)
rCorr   .            (no ring)
SInv    .            (no ring)
Will    .....        (no ring)
Stlth   ++           (no ring)
HPRegen 0.26/turn    (no ring)
MPRegen 0.10/turn    (no ring)
                     (no ring)

%: reflection
@: beast-form
A: beast (slay +3), almost no armour, amphibious, 8 rings, camouflage 1,
gelatinous body 1, (nimble swimmer 1), tentacles
a: Begin Untransformation, Renounce Religion, Heroism


You were on level 5 of the Dungeon.
You worshipped Okawaru.
Okawaru was aware of your devotion.
You were a hulking beast.
You visited 1 branch of the dungeon, and saw 5 of its levels.

You collected 211 gold pieces.

Inventory:

Jewellery
 l - an amulet of reflection (around mantle)
Talismans
 b - a beast talisman
 c - a flux talisman
Wands
 n - a wand of flame (14)
Scrolls
 d - 4 scrolls of identify {unknown}
 f - 2 scrolls of teleportation {unknown}
 h - a scroll of brand weapon {unknown}
 m - a scroll of fog {unknown}
 o - a scroll of amnesia {unknown}
 p - a scroll of enchant weapon {unknown}
Potions
 a - 2 potions of lignification
 e - 2 potions of mutation {unknown}
 g - 3 potions of degeneration {unknown}
 i - 2 potions of brilliance {unknown}
 j - 2 potions of attraction {unknown}
 k - a potion of magic {unknown}


   Skills:
 - Level 1.0 Fighting
 - Level 2.0 Dodging
 - Level 3.0 Unarmed Combat
 - Level 2.9 Fire Magic
 + Level 5.9 Shapeshifting


You had 4 spell levels left.
You knew the following spells:

 Your Spells              Type           Power      Damage    Failure   Level
a - Foxfire               Conj/Fire      12%        2x1d4     19%         1

Your spell library contained the following spells:

 Spells                   Type           Power      Damage    Failure   Level
 Ensorcelled Hibernation  Hex/Ice        0%         N/A       45%         2
 Passwall                 Tmut/Erth      0%         N/A       45%         2
 Swiftness                Air            0%         N/A       69%         3
 Plasma Beam              Fire/Air       1%         2x1d11    100%        6
 Starburst                Conj/Fire      1%         6d3       100%        6


Dungeon Overview and Level Annotations

Branches:
Dungeon (5/15)
 Temple: D:4-7

Altars:
Cheibriados
Kikubaaqudgha
Okawaru
Qazlal
Trog

Shops:
D:4 :

Annotations:
D:4 exclusion: sky beast


Innate Abilities, Weirdness & Mutations

You are a hulking beast.
Your limbs bulge with bestial killing power. (Slay +3)
You cannot wear most types of armour.
You are amphibious.
You can wear up to eight rings at the same time.
Your skin changes colour to match your surroundings (Stealth+).
Your rubbery body absorbs attacks. (AC +1, EV +1)
((You are camouflaged when in or above water. (Stealth+)))
You have tentacles for arms and can constrict up to eight enemies at once.


Message History

Removed exclusion.
Partly explored, can't reach some items and places.
Partly explored, can't reach some items and places.
There is an escape hatch in the ceiling here.
There is a stone staircase leading down here.
You climb downwards.
Found a leather armour and 14 gold pieces.
There is a stone staircase leading up here.
You see here a +0 leather armour.
You now have 211 gold pieces (gained 14).
An ogre comes into view. It is wielding a +0 giant club.
An ogre is nearby!
An ogre is nearby!
Okay, then.
Casting: Foxfire (safe; 19% risk of failure)
Confirm with . or Enter, or press ? or * to list all spells.
Okay, then.
You conjure some foxfire!
The foxfire hits the ogre.
The ogre is lightly wounded.
The ogre shouts!
You conjure some foxfire!
The foxfire hits the ogre.
The ogre is moderately wounded.
You conjure some foxfire!
You fail to use your ability.
The foxfire hits the ogre.
The ogre is moderately wounded.
The foxfire hits the ogre.
The ogre is moderately wounded.
You tentacle-slap the ogre. You squeeze the ogre.
The ogre is severely wounded.
You tentacle-slap the ogre.
The ogre is almost dead.
The ogre hits you with a +0 giant club!!
Ouch! That really hurt!
* * * LOW HITPOINT WARNING * * *
You tentacle-slap the ogre.
The ogre is almost dead.
The ogre hits you with a +0 giant club!!
You die...

.......[.#
.####.#..# #.#..#
# #..# ## #..# ..
########..###.###
.................
#########..##.###
#h..# ......O.###
.........
........##
........#
........#
#########


You could see an ogre.

Vanquished Creatures
  An ogre (D:4)
  3 lemures (D:4)
  A hound (D:4)
  2 iguanas (D:4)
  An orc wizard (D:2)
  5 adders
  2 worms
  A dart slug (D:2)
  19 orcs
  5 ball pythons
  5 endoplasms
  5 giant cockroaches
  6 goblins
  7 hobgoblins
  A quokka (D:1)
  A frilled lizard (D:2)
  12 kobolds
  3 rats
80 creatures vanquished.

Vanquished Creatures (others)
  66 foxfires
66 creatures vanquished.

Grand Total: 146 creatures vanquished

Notes
Turn   | Place    | Note
-------+----------+-------------------------------------------
     0 | D:1      | Dordric the Octopode Shapeshifter began the quest for the
                  | Orb.
     0 | D:1      | Reached XP level 1. HP: 13/13 MP: 1/1
   241 | D:1      | Reached XP level 2. HP: 17/18 MP: 2/2
   905 | D:2      | Reached XP level 3. HP: 22/23 MP: 3/3
   907 | D:2      | Reached skill level 4 in Shapeshifting
   945 | D:2      | Reached XP level 4. HP: 5/28 MP: 4/4
  1203 | D:2      | Found a faded altar of an unknown god.
  1269 | D:2      | Prayed at the altar of an unknown god.
  1269 | D:2      | Became a worshipper of Warmaster Okawaru
  1269 | D:2      | Reached * piety under Okawaru
  1812 | D:3      | Learned a level 1 spell: Foxfire
  1866 | D:3      | Reached skill level 5 in Shapeshifting
  1977 | D:3      | Found an ancient bone altar of Kikubaaqudgha.
  2620 | D:4      | Reached XP level 5. HP: 27/33 MP: 1/5
  2760 | D:4      | Found a snail-covered altar of Cheibriados.
  2760 | D:4      | Found a bloodstained altar of Trog.
  2956 | D:4      | Reached skill level 1 in Fire Magic
  3013 | D:4      | Found Kuaski's Tremendous Tomes.
  3394 | D:4      | Found a stormy altar of Qazlal.
  3394 | D:4      | Noticed a sky beast
  3480 | D:4      | Noticed Pikel
  3480 | D:4      | Noticed a lemure
  3480 | D:4      | Noticed a lemure
  3480 | D:4      | Noticed a lemure
  3480 | D:4      | Noticed a lemure
  3826 | D:4      | Reached XP level 6. HP: 38/38 MP: 4/6
  4415 | D:5      | Entered Level 5 of the Dungeon
  4441 | D:5      | Mangled by an ogre

Illustrated notes

Levels and vault maps discovered:
D:1:      minmay_arrival_jagged, layout_basic
D:2:      layout_basic, shapermc_ecumenical_altar_flowoftime
D:3:      layout_basic, kiku_gazebo_garden_becter, minivault_25, minmay_unequal
D:4:      layout_basic, nicolae_qazlal_beasts_of_the_sky,
          gammafunk_temple_overflow_pools, nicolae_shop_i_like_big_books,
          uniq_pikel
D:5:      layout_basic

Skill      XL: |  1  2  3  4  5 |
---------------+----------------+-----
Shapeshifting  | 4 5 |  5.9
Fire Magic     | 2 |  2.9
Fighting       | |  1.0
Dodging        | |  2.0
Unarmed Combat | |  3.0

Action                     |  1- 3 |  4- 6 || total
---------------------------+-------+-------++-------
  Melee: Unarmed           |    59 |   113 ||   172
         Constrict         |    13 |    25 ||    38
         Tentacles         |    15 |    25 ||    40
         Punch             |     1 |     3 ||     4
   Cast: Foxfire           |       |    43 ||    43
 Invoke: Heroism           |       |     1 ||     1
   Stab: Sleeping          |     4 |     3 ||     7
         Distracted        |     1 |       ||     1
 Armour: Skin              |    16 |    37 ||    53
  Dodge: Dodged            |    30 |    44 ||    74
  Block: Other             |       |    18 ||    18

Table legend: (Time is in decaauts)
 A = Elapsed time spent in this place.
 B = Non-inter-level travel time spent in this place.
 C = Inter-level travel time spent in this place.
 D = Time resting spent in this place.
 E = Time spent auto-exploring this place.
 F = Levels seen in this place.
 G = Mean time per level.
                   A        B        C        D        E       F      G
               +--------+--------+--------+--------+--------+-----+--------+
         Total |   4429 |   4275 |    154 |    194 |   3350 |   5 |  885.8 |
       Dungeon |   4429 |   4275 |    154 |    194 |   3350 |   5 |  885.8 |
               +--------+--------+--------+--------+--------+-----+--------+

Top non-repeatable levels by time:
     D:4: 1857 daAuts
     D:3: 901 daAuts
     D:1: 883 daAuts
     D:2: 761 daAuts
     D:5: 25 daAuts
